Map: Undercurrent LE

Players

Kwis - Winner!

  • Race: Protoss Protoss
  • Spawn Location: 1:00

Sindyr - Winner!

  • Race: Zerg Zerg
  • League: Gold
  • Spawn Location: 3:00

ZoroLeo

  • Race: Protoss Protoss
  • Spawn Location: 7:00

reqttk

  • Race: Zerg Zerg
  • League: Silver
  • Spawn Location: 7:00

VOD

Have the link to the VOD?

Description

Time

  • Played on: Jan. 12, 2026, 4:37 p.m.
  • Length: 20:35
Show
View Real Time Build Order
Export as new Build Order

Kwis Protoss - Winner!

Build Orders: 1 Gate Expand, Carriers 

Get SALT Encoding   

  12  0:00  Probe  
  13  0:12  Probe  
  14  0:19  Pylon  
  14  0:25  Probe  
  15  0:37  Probe  
  16  0:43  Gateway  
  16  0:49  Probe  
  17  0:52  Assimilator  
  17  0:57  Probe  
  18  1:05  Probe  
  19  1:15  Probe  
  20  1:30  Nexus  
  20  1:34  Probe  
  20  1:36  Assimilator  
  21  1:50  Probe  
  21  1:54  Pylon  
  22  2:04  Cybernetics Core  
  22  2:23  Probe  
  23  2:35  Probe  
  24  2:39  Probe  
  24  2:43  Probe  
  25  2:47  Probe, Adept  
  25  2:51  Probe  
  26  2:56  Warp Gate  
  26  2:57  Probe  
  30  3:02  Probe, Stargate  
  31  3:09  Probe  
  32  3:14  Probe, Stalker, Assimilator  
  35  3:21  Probe  
  35  3:26  Probe  
  37  3:30  Pylon  
  37  3:33  Probe  
  38  3:38  Probe  
  39  3:41  Forge  
  39  3:42  Void Ray  
  39  3:46  Probe  
  44  3:50  Probe  
  44  3:54  Pylon  
  45  3:58  Probe, Assimilator  
  47  4:02  Probe  
  47  4:04  Protoss Shields Level 1  
  47  4:08  Pylon  
  47  4:10  Probe  
  47  4:14  Probe  
  49  4:22  Probe  
  54  4:25  Void Ray  
  54  4:27  Probe  
  54  4:29  Stargate  
  55  4:35  Probe  
  56  4:39  Probe  
  59  4:58  Nexus  
  59  4:59  Void Ray  
  57  5:01  Probe x2  
  63  5:09  Cybernetics Core  
  63  5:12  Void Ray  
  63  5:13  Pylon  
  63  5:18  Protoss Air Weapons Level 1  
  67  5:23  Probe x2  
  69  5:38  Void Ray  
  73  5:47  Cybernetics Core  
  73  5:53  Void Ray  
  77  6:01  Probe  
  77  6:03  Probe  
  77  6:04  Protoss Air Armor Level 1  
  75  6:14  Void Ray  
  70  6:19  Probe x2  
  70  6:20  Probe  
  73  6:29  Void Ray  
  73  6:31  Probe  
  65  6:43  Probe x2  
  65  6:44  Probe  
  68  6:52  Void Ray  
  72  6:55  Probe  
  72  7:00  Probe x2  
  79  7:08  Void Ray  
  79  7:25  Void Ray  
  83  7:45  Fleet Beacon  
  83  7:46  Probe x3  
  83  7:50  Photon Cannon  
  86  7:54  Photon Cannon  
  86  7:57  Pylon  
  86  7:58  Probe x2  
  86  7:59  Probe  
  86  8:00  Pylon  
  86  8:03  Assimilator x2  
  86  8:05  Pylon  
  89  8:10  Probe x2  
  89  8:11  Void Ray  
  44  9:36  Probe x2  
  44  9:37  Probe  
  47  9:48  Probe  
  47  9:49  Probe x2  
  50  9:59  Pylon  
  50  10:00  Probe, Pylon  
  50  10:01  Probe x2  
  50  10:05  Void Ray  
  53  10:07  Void Ray  
  53  10:08  Probe  
  53  10:13  Probe x2  
  56  10:16  Probe  
  57  10:23  Assimilator  
  57  10:25  Probe x2  
  57  10:27  Probe  
  60  10:37  Probe x2, Fleet Beacon  
  60  10:38  Pylon  
  60  10:39  Probe  
  67  10:47  Photon Cannon  
  67  10:48  Void Ray  
  67  10:49  Probe x2  
  69  10:50  Photon Cannon  
  69  10:51  Probe, Photon Cannon  
  69  10:52  Pylon  
  69  10:56  Photon Cannon  
  70  10:59  Photon Cannon  
  70  11:01  Probe  
  71  11:07  Probe  
  71  11:08  Probe  
  73  11:13  Probe  
  73  11:16  Probe  
  73  11:17  Probe  
  74  11:21  Probe  
  74  11:25  Probe  
  77  11:26  Carrier x2  
  77  11:29  Probe x2  
  92  11:48  Photon Cannon  
  92  11:49  Photon Cannon  
  92  11:51  Shield Battery  
  92  11:53  Shield Battery  
  92  11:56  Protoss Air Weapons Level 2  
  92  11:58  Protoss Air Armor Level 2  
  92  12:01  Probe x3, Stargate  
  93  12:03  Stargate  
  95  12:17  Nexus  
  95  12:21  Probe  
  95  12:22  Probe x2  
  98  12:27  Pylon  
  98  12:28  Carrier  
  98  12:30  Pylon  
  98  12:32  Pylon  
  98  12:34  Carrier  
  110  12:44  Carrier  
  110  12:48  Carrier  
  122  13:15  Shield Battery  
  122  13:16  Shield Battery  
  122  13:17  Probe x2  
  122  13:18  Probe  
  122  13:19  Shield Battery  
  125  13:21  Photon Cannon  
  125  13:23  Photon Cannon  
  125  13:27  Carrier  
  125  13:29  Probe  
  125  13:30  Probe x2  
  134  13:38  Photon Cannon  
  134  13:40  Photon Cannon  
  134  13:41  Carrier  
  140  13:45  Assimilator  
  140  13:58  Carrier  
  146  14:05  Probe x4  
  150  14:14  Nexus  
  150  14:15  Pylon  
  150  14:17  Probe  
  150  14:18  Assimilator  
  150  14:22  Pylon, Probe x2  
  150  14:23  Probe  
  154  14:38  Assimilator  
  154  14:42  Photon Cannon  
  154  14:44  Photon Cannon  
  154  14:46  Probe x3, Photon Cannon  
  154  14:49  Shield Battery  
  154  14:50  Probe, Shield Battery  
  158  14:54  Carrier  
  158  14:58  Probe  
  165  15:01  Assimilator  
  165  15:03  Probe  
  176  15:15  Probe, Void Ray  
  176  15:21  Pylon  
  177  15:24  Twilight Council  
  177  15:28  Pylon  
  177  15:31  Probe x3, Pylon  
  180  15:40  Nexus  
  180  15:41  Pylon  
  180  15:44  Pylon  
  186  15:57  Carrier x2  
  186  15:59  Protoss Shields Level 2  
  186  16:05  Probe  
  186  16:10  Mothership  
  195  16:13  Void Ray  
  199  16:33  Protoss Air Armor Level 3, Probe  
  199  16:34  Protoss Air Weapons Level 3  
  200  16:42  Photon Cannon  
  200  16:47  Photon Cannon x2  
  200  16:55  Photon Cannon  
  200  17:24  Flux Vanes  
  188  17:42  Carrier x3  
  188  17:43  Carrier  
  196  19:05  Carrier, Assimilator  
  196  19:08  Assimilator  
Show
View Real Time Build Order
Export as new Build Order

Sindyr Zerg - Winner!

Build Orders: Hatch First 

Get SALT Encoding   

  12  0:03  Drone  
  13  0:09  Drone  
  13  0:13  Extractor  
  13  0:15  Extractor  
  13  0:18  Drone  
  13  0:23  Drone  
  15  0:30  Overlord  
  15  0:55  Hatchery  
  14  1:01  Drone x2  
  16  1:05  Drone  
  17  1:24  Spawning Pool  
  16  1:27  Drone  
  16  1:31  Drone  
  18  1:42  Drone  
  18  1:45  Drone  
  20  1:55  Overlord  
  20  2:11  Queen  
  20  2:12  Queen  
  20  2:15  Drone  
  25  2:18  Drone  
  26  2:27  Drone x2  
  28  2:40  Metabolic Boost  
  28  2:48  Drone x3  
  28  2:51  Drone  
  32  2:58  Evolution Chamber  
  31  2:59  Evolution Chamber  
  31  3:01  Queen  
  32  3:06  Overlord  
  32  3:14  Lair  
  32  3:23  Roach Warren  
  31  3:28  Drone x2  
  31  3:29  Drone  
  31  3:30  Drone  
  35  3:35  Drone x2  
  37  3:50  Spore Crawler  
  37  3:54  Spore Crawler  
  37  3:55  Drone x3, Extractor  
  37  4:05  Zerg Missile Weapons Level 1, Zerg Ground Armor Level 1  
  37  4:07  Drone x2  
  39  4:11  Overlord  
  39  4:25  Glial Reconstitution  
  39  4:36  Drone x6  
  45  4:52  Extractor  
  44  4:59  Spine Crawler  
  43  5:00  Spine Crawler  
  43  5:01  Spore Crawler  
  43  5:05  Spore Crawler  
  43  5:06  Spore Crawler, Drone  
  40  5:07  Spine Crawler, Hatchery  
  40  5:08  Drone  
  40  5:11  Drone, Spore Crawler  
  39  5:23  Infestation Pit  
  39  5:26  Drone x3, Extractor  
  40  5:54  Roach x7  
  52  6:02  Roach  
  51  6:13  Zerg Missile Weapons Level 2  
  53  6:25  Roach  
  53  6:26  Roach x2  
  53  6:27  Overlord x2  
  53  6:28  Overlord  
  57  6:44  Overlord  
  57  6:45  Queen  
  59  6:50  Overlord  
  59  7:09  Roach  
  59  7:10  Roach x4  
  59  7:11  Zergling x2  
  59  7:12  Zergling x2  
  59  7:14  Zergling x2  
  68  7:16  Zergling x2  
  69  7:22  Queen  
  71  7:32  Ravager x2  
  73  7:42  Spine Crawler, Drone  
  73  7:43  Drone x2  
  75  7:44  Spine Crawler  
  75  7:47  Drone, Spine Crawler  
  75  7:48  Drone  
  75  7:50  Drone  
  76  8:05  Spore Crawler  
  76  8:11  Zerg Ground Armor Level 2  
  75  8:26  Spore Crawler  
  64  8:30  Spine Crawler  
  64  8:31  Zergling x10  
  64  8:32  Zergling x2, Spine Crawler  
  64  8:34  Zergling x2  
  52  8:35  Spine Crawler  
  52  8:40  Roach  
  51  8:42  Zergling x4  
  51  8:45  Zergling x2  
  51  8:47  Zergling x2  
  53  8:52  Roach  
  53  8:53  Zergling x2  
  54  9:00  Overseer, Pneumatized Carapace  
  54  9:05  Zergling x2  
  54  9:06  Roach  
  54  9:28  Roach x6  
  64  9:36  Zergling x4, Roach  
  68  9:38  Zergling x2  
  68  9:41  Zergling x2  
  69  9:47  Spore Crawler  
  69  9:50  Drone x2  
  70  10:24  Drone x3  
  73  10:29  Drone x2  
  73  10:31  Hive  
  73  11:00  Spore Crawler, Drone  
  73  11:01  Drone x4  
  77  11:04  Spore Crawler  
  77  11:06  Spore Crawler  
  77  11:09  Spore Crawler  
  74  11:12  Spore Crawler  
  74  11:14  Drone x9  
  82  11:22  Spore Crawler  
  81  11:34  Spine Crawler  
  80  11:43  Zerg Missile Weapons Level 3, Zerg Ground Armor Level 3  
  80  11:47  Extractor  
  80  11:49  Drone x3, Extractor  
  81  11:58  Drone x7  
  88  12:02  Overlord  
  88  12:03  Hatchery  
  88  12:04  Overlord  
  87  12:25  Spire  
  87  12:28  Adrenal Glands  
  86  12:30  Zergling x8, Roach x4  
  86  12:32  Zergling x2  
  86  12:33  Zergling x2  
  86  12:34  Zergling x2  
  86  12:35  Zergling x2  
  102  12:37  Zergling x2  
  102  12:38  Zergling x2  
  102  12:42  Drone x2  
  102  12:43  Drone  
  107  13:03  Drone  
  107  13:05  Spine Crawler x2  
  106  13:15  Queen  
  106  13:18  Drone  
  106  13:19  Drone x6  
  115  13:21  Overlord  
  115  13:25  Tunneling Claws  
  115  13:27  Burrow  
  115  13:30  Overlord  
  115  13:32  Overlord  
  115  14:08  Greater Spire  
  115  14:20  Zerg Melee Weapons Level 1  
  115  14:24  Drone x4  
  115  14:25  Drone x7  
  115  14:26  Drone x3  
  115  14:27  Drone x3  
  115  14:30  Extractor  
  131  14:31  Extractor  
  131  14:36  Spire, Drone  
  131  14:37  Drone x5  
  135  14:54  Hatchery  
  134  15:37  Ultralisk Cavern  
  133  15:45  Queen  
  133  15:46  Hatchery, Overlord x4  
  133  15:47  Overlord x7  
  133  15:48  Overlord x5  
  134  15:57  Zerg Flyer Weapons Level 1  
  134  15:58  Zerg Flyer Armor Level 1  
  134  16:20  Zerg Melee Weapons Level 2  
  134  16:30  Extractor  
  134  16:32  Extractor  
  132  16:51  Ultralisk x3  
  132  16:52  Ultralisk x2  
  162  16:54  Corruptor x2  
  162  16:55  Corruptor  
  162  16:57  Overseer x2  
  162  16:58  Overseer x3  
  162  16:59  Overlord x3  
  168  17:01  Chitinous Plating  
  168  18:01  Zerg Flyer Weapons Level 2, Zerg Flyer Armor Level 2  
  168  18:07  Brood Lord  
  168  18:08  Brood Lord x2  
  168  18:09  Corruptor x2  
  168  18:10  Corruptor x6  
  168  18:11  Corruptor x5  
  200  18:20  Anabolic Synthesis  
  200  18:40  Overlord x3  
  195  18:52  Roach x2  
  195  18:53  Roach x6  
  195  18:55  Roach  
  199  18:56  Roach x2  
  199  19:00  Brood Lord x3  
  199  19:01  Brood Lord x3  
  199  19:02  Brood Lord x5  
  174  19:33  Brood Lord x2  
  174  19:52  Roach x10  
  186  19:53  Roach x11  
  186  19:56  Zergling x2  
  186  19:57  Zergling x6  
Show
View Real Time Build Order
Export as new Build Order

ZoroLeo Protoss 

Build Orders:  

Get SALT Encoding   

  12  0:04  Probe  
  12  0:12  Probe  
  14  0:22  Probe  
  14  0:23  Pylon  
  15  0:44  Gateway  
  15  0:49  Pylon  
  15  0:54  Gateway  
  15  1:00  Probe  
  16  1:05  Assimilator  
  16  1:08  Probe  
  16  1:16  Probe  
  18  1:27  Probe  
  18  1:32  Cybernetics Core  
  19  1:36  Assimilator  
  19  1:39  Probe  
  20  1:46  Zealot  
  22  1:51  Probe  
  22  1:53  Zealot  
  25  2:03  Probe  
  26  2:09  Warp Gate  
  26  2:11  Probe  
  27  2:19  Probe  
  27  2:24  Twilight Council  
  28  2:39  Gateway  
  28  2:40  Zealot  
  30  2:45  Pylon  
  30  2:58  Shield Battery  
  30  3:03  Zealot  
  30  3:04  Forge  
  32  3:06  Charge  
  32  3:09  Gateway  
  32  3:23  Stalker  
  34  3:43  Protoss Ground Weapons Level 1  
  34  3:49  Pylon  
  34  3:53  Photon Cannon  
  34  4:01  Pylon  
  34  4:04  Stalker  
  34  4:06  Zealot  
  38  4:27  Photon Cannon  
  38  4:35  Shield Battery  
  38  4:41  Zealot x2  
  38  4:42  Zealot  
  44  5:05  Dark Shrine  
  44  5:18  Photon Cannon  
  44  5:28  Zealot x3  
  46  5:29  Zealot  
  48  6:05  Stalker x2  
  48  6:06  Stalker  
  36  6:29  Stalker x3  
  36  6:30  Stalker  
  38  6:53  Stalker  
  38  6:54  Stalker x2  
  42  6:55  Stalker  
  32  7:34  Dark Templar  
  32  7:35  Dark Templar x2  
  32  7:36  Dark Templar  
  40  8:02  Nexus  
  34  8:36  Stalker x2  
  34  8:37  Stalker x2  
  30  9:00  Dark Templar x3  
  36  9:06  Dark Templar  
  24  9:49  Stalker  
  26  9:58  Assimilator  
  26  10:02  Assimilator  
  26  10:14  Nexus  
  26  10:19  Stalker  
  26  10:20  Stalker  
  30  10:24  Pylon  
  30  10:50  Stalker  
  32  10:57  Probe  
  33  11:05  Probe  
  33  11:10  Stalker x2  
  38  11:15  Probe  
  38  11:17  Protoss Shields Level 1  
  39  11:22  Stalker  
  41  11:27  Probe  
  42  11:46  Stalker x2  
  46  11:53  Probe  
  46  12:01  Probe x2  
  49  12:10  Probe  
  49  12:13  Probe  
  51  12:23  Stalker  
  51  12:25  Probe  
  54  12:37  Probe  
  55  12:49  Probe  
  56  12:54  Stalker  
  56  12:55  Nexus, Stalker  
  56  12:57  Stalker  
  62  13:05  Stalker  
  64  13:18  Pylon  
  64  13:37  Shield Battery  
  64  13:39  Photon Cannon  
  64  13:41  Pylon  
  64  13:45  Assimilator  
  64  13:49  Shield Battery  
  64  13:55  Pylon  
  64  14:02  Assimilator, Stalker x2  
  66  14:03  Stalker  
  66  14:04  Probe  
  66  14:05  Stalker  
  73  14:20  Probe  
  74  14:27  Blink  
  74  14:30  Zealot  
  76  14:31  Zealot  
  76  14:32  Zealot  
  76  14:33  Zealot  
  82  14:43  Probe  
  83  14:47  Probe  
  84  14:54  Probe  
  84  14:55  Probe x2  
  87  15:02  Probe  
  87  15:04  Protoss Ground Weapons Level 2, Probe  
  89  15:07  Probe  
  89  15:11  Templar Archives  
  89  15:12  Probe  
  91  15:23  Forge  
  91  15:34  Probe  
  91  15:42  Probe  
  92  15:45  Stalker  
  92  15:46  Stalker x3  
  101  15:51  Protoss Ground Armor Level 1, Probe  
  102  15:58  Gateway  
  102  16:01  Gateway  
  102  16:04  Probe  
  103  16:09  Gateway  
  103  16:11  Gateway  
  103  16:36  Nexus  
  103  16:40  Pylon  
  103  16:44  Pylon  
  103  16:48  Pylon  
  103  16:51  Assimilator  
  103  16:55  Assimilator  
  103  16:56  Stalker x2  
  103  16:57  Stalker  
  109  17:24  Shield Battery  
  109  17:26  Photon Cannon  
  109  17:28  Protoss Shields Level 2  
  109  17:31  Shield Battery  
  109  17:34  Photon Cannon  
  100  17:53  Stalker  
  100  17:54  Stalker x3  
  100  17:55  Stalker  
  100  17:56  Stalker x2  
  100  17:57  Stalker  
  116  18:03  Shield Battery  
  116  18:05  Photon Cannon  
  116  18:10  Shield Battery  
  116  18:12  Photon Cannon  
  116  18:14  Probe  
  116  18:16  Pylon  
  117  18:20  Stalker  
  117  18:21  Stalker x2  
  117  18:22  Probe  
  117  18:23  Stalker x2  
  117  18:24  Stalker x2  
  117  18:25  Stalker  
  134  18:32  Probe  
  91  19:30  Stalker x2  
  91  19:31  Stalker  
  85  19:32  Stalker x3  
  85  19:33  Stalker  
  85  19:34  Stalker  
  49  20:16  Zealot  
  49  20:17  Zealot  
Show
View Real Time Build Order
Export as new Build Order

reqttk Zerg 

Build Orders: Pool First, Lurkers 

Get SALT Encoding   

  12  0:12  Drone x2  
  14  0:37  Overlord, Spawning Pool  
  13  0:55  Drone x2  
  15  1:09  Hatchery  
  14  1:20  Drone x3  
  17  1:38  Extractor  
  16  1:41  Queen  
  18  1:50  Roach Warren  
  17  1:58  Zergling x6  
  20  2:08  Extractor  
  19  2:17  Drone  
  20  2:30  Drone  
  20  2:34  Queen  
  20  2:35  Drone x2  
  25  2:42  Zergling x2  
  25  2:43  Zergling x2  
  27  2:46  Pneumatized Carapace  
  27  3:02  Baneling Nest  
  26  3:13  Zergling x2, Drone  
  26  3:14  Overlord  
  28  3:30  Lair  
  28  3:37  Drone  
  28  3:38  Drone  
  30  3:45  Baneling x3  
  30  3:46  Baneling  
  30  3:54  Drone x2  
  32  4:12  Drone x3  
  32  4:13  Drone  
  36  4:23  Overlord x2  
  36  4:32  Baneling x3  
  36  4:33  Baneling x2  
  36  4:38  Centrifugal Hooks  
  36  4:41  Drone  
  37  4:54  Drone x4  
  37  4:57  Extractor  
  37  4:58  Extractor  
  38  5:19  Drone x4  
  38  5:20  Drone  
  43  5:31  Drone x3  
  42  6:37  Overlord x3  
  42  6:38  Overlord  
  42  6:54  Hatchery  
  41  6:55  Drone x3  
  44  7:03  Hydralisk Den  
  43  7:33  Grooved Spines  
  43  7:34  Hydralisk  
  43  7:35  Hydralisk x6  
  57  7:37  Hydralisk x4  
  57  7:38  Hydralisk x2  
  69  7:57  Overlord x3  
  69  8:07  Overseer  
  69  8:12  Zergling x6  
  72  8:13  Zergling x4  
  72  8:15  Metabolic Boost  
  72  8:19  Evolution Chamber  
  73  8:22  Evolution Chamber  
  67  8:37  Hydralisk  
  67  8:38  Hydralisk x2  
  67  8:39  Hydralisk  
  67  8:40  Hydralisk x2  
  55  8:41  Hydralisk  
  55  8:42  Hydralisk x5  
  55  8:44  Muscular Augments  
  55  8:46  Zerg Missile Weapons Level 1  
  63  8:48  Zerg Ground Armor Level 1  
  63  8:51  Hydralisk x3  
  46  9:38  Drone x3  
  45  9:50  Hatchery  
  45  9:52  Hydralisk x3  
  46  9:56  Queen  
  46  9:59  Extractor  
  49  10:00  Drone x2, Extractor  
  50  10:26  Hydralisk x2, Lurker Den  
  53  10:30  Drone x2  
  53  10:31  Hydralisk x3  
  58  10:55  Hydralisk x2  
  58  10:56  Hydralisk  
  64  10:59  Hydralisk x4  
  72  11:11  Drone x3  
  75  11:31  Spine Crawler  
  74  11:34  Spine Crawler  
  74  11:35  Spine Crawler  
  74  11:36  Hatchery  
  71  11:40  Hydralisk x2  
  71  11:44  Overlord  
  75  11:49  Drone  
  76  11:55  Zerg Missile Weapons Level 2  
  76  12:10  Zergling x4  
  76  12:12  Drone x3  
  81  12:20  Zergling x2  
  81  12:21  Zergling x12  
  88  12:25  Overlord  
  88  12:30  Lurker x2  
  88  12:32  Lurker  
  88  12:33  Lurker  
  88  12:35  Lurker  
  93  12:38  Drone  
  93  12:39  Drone  
  95  13:04  Hydralisk  
  95  13:05  Hydralisk x5  
  101  13:08  Drone x3  
  110  13:13  Queen  
  112  13:36  Drone x3  
  115  13:53  Drone x3  
  118  13:57  Overlord x5  
  118  14:00  Hydralisk  
  120  14:06  Zerg Ground Armor Level 2  
  120  14:13  Infestation Pit  
  119  14:20  Drone x2  
  119  14:21  Drone  
  122  14:27  Drone  
  122  14:28  Drone x2  
  125  14:37  Hydralisk x3  
  131  14:41  Lurker x3  
  131  14:42  Lurker x2  
  136  14:46  Burrow  
  136  14:50  Hive  
  136  14:52  Infestor x3  
  142  15:00  Drone x2  
  144  15:43  Drone x3  
  144  15:44  Drone  
  144  15:45  Drone x2  
  150  15:51  Extractor  
  150  15:52  Extractor  
  148  16:05  Zerg Missile Weapons Level 3  
  148  16:09  Neural Parasite  
  148  16:15  Hydralisk x6  
  160  16:18  Overlord x2  
  160  16:19  Overlord  
  160  17:11  Unknown, Ultralisk Cavern  
  159  18:01  Hydralisk x7  
  159  18:04  Hydralisk x5  
  183  18:08  Overlord  
  183  18:09  Overlord x2  
  108  19:12  Hydralisk  
  108  19:13  Hydralisk x8  
  108  19:15  Hydralisk x3  
  109  19:17  Hydralisk  
  109  19:18  Hydralisk x2  
  109  19:22  Ultralisk x3  
  111  19:41  Hydralisk  
  111  19:42  Hydralisk  
  83  19:48  Spire  
Tags
 
Add a new tag
Caveats
  • Supply blocks, unpowered buildings, or Contaminate may cause inaccurate times.
  • Supply counts are checked every 10 seconds.